AoeStats
← AiM | CyclopsTron

Socotra

504928583Analyzed
4v4 RM · 25d ago on Sep 7, 2026· 21m 3s· 8 players
Game mode
Random Map
Map size
148×148
Population
200
Speed
Normal
Resources
Standard
Victory
Conquest
Starting age
Dark Age
Ending age
Imperial Age
RankedLock teamsTeams togetherTeam positionsShared explorationLock speedFull tech treeHidden civsTurbo modeCheats
Victory
Defeat
🇲🇽 Maya · Mexico
1679
+13
🇲🇽 Magyars · Mexico
1628
+15
🇲🇽 Shu · Mexico
1546
+18
🇲🇽 Georgians · Mexico
1459
+22
🇺🇸 Inca · United States
1683
-20
🇵🇪 Teutons · Peru
1602
-17
1601
-17
🇻🇳 Mongols · Vietnam
1526
-14
Jenius
9:16 Loom
14:44 Feudal Age
15:27 Double-Bit Axe
15:23 Horse Collar
15:07 Champi Runner
17:41 Scale Mail Armor
18:01 Forging
20:54 Wheelbarrow
M41K12
0:54 Loom
13:46 Feudal Age
14:35 Double-Bit Axe
16:36 Fletching
THL
8:28 Feudal Age
9:00 Double-Bit Axe
9:04 Loom
16:55 Bloodlines
17:04 Scale Barding Armor
19:20 Forging
EXILE | Tulita de 2 cm oxidada
4:40 Loom
8:54 Feudal Age
9:25 Double-Bit Axe
10:08 Town Watch
10:56 Horse Collar
15:45 Scale Barding Armor
19:31 Forging
20:24 Bloodlines
AiM | CyclopsTron
0:26 Loom
9:55 Feudal Age
13:31 Fletching
19:38 Padded Archer Armor
Sad Clown
4:51 Loom
8:09 Feudal Age
17:42 Wheelbarrow
20:28 Castle Age
19:01 Double-Bit Axe
18:57 Horse Collar
19:32 Gold Mining
20:03 Scale Barding Armor
20:41 Bloodlines
21:13 Forging
Ux'Spanki
5:52 Loom
8:34 Feudal Age
9:09 Double-Bit Axe
9:05 Horse Collar
20:47 Castle Age
20:02 Scale Barding Armor
20:08 Bloodlines
21:50 Chain Barding Armor
LeBotut
1:24 Loom
10:20 Feudal Age
16:51 Fletching
Connection lost

Rejoining the realm…

Still unreachable

The connection could not be restored.

Session expired

The server has moved on; the page needs a fresh start.